AoeStats
← Bandolero

Black Forest

509937297Analyzed
4v4 RM · 3d ago on Sep 28, 2026· 51m 35s· 8 players
Game mode
Random Map
Map size
Large (8 player)
Population
200
Speed
Normal
Resources
Standard
Victory
Conquest
Starting age
Dark Age
Ending age
Imperial Age
RankedLock teamsTeams togetherTeam positionsShared explorationLock speedFull tech treeHidden civsTurbo modeCheats
Victory
Defeat
🇨🇦 Malians · Canada
1584
+17
🇭🇰 Japanese · Hong Kong SAR China
1550
+18
🇪🇸 Bohemians · Spain
1535
+19
🇲🇽 Varangians · Mexico
1526
+19
🇦🇷 Teutons · Argentina
1702
-23
🇦🇷 Bohemians · Argentina
1643
-20
🇦🇷 Magyars · Argentina
1600
-18
🇦🇷 Khmer · Argentina
1435
-12
eloysuarez93
6:06 Loom
10:32 Feudal Age
10:59 Double-Bit Axe
10:57 Fishing Lines
15:56 Castle Age
16:15 Scale Barding Armor
16:20 Forging
16:40 Bloodlines
17:43 Husbandry
18:52 Fishing Lines
21:26 Horse Collar
22:32 Bow Saw
24:20 Chain Barding Armor
26:56 Wheelbarrow
26:07 Town Watch
27:29 Gold Mining
28:06 Stone Mining
28:53 Hand Cart
29:44 Stone Shaft Mining
32:44 Imperial Age
31:05 Iron Casting
30:41 Masonry
32:38 Fletching
34:31 Chemistry
33:53 Conscription
34:17 Architecture
35:06 Two-Man Saw
34:06 Heavy Plow
33:46 Light Cavalry
35:04 Plate Barding Armor
35:30 Blast Furnace
37:10 Siege Engineers
37:21 Caravan
37:06 Elite Jarl
39:02 Crop Rotation
38:25 Gillnets
39:15 Ballistics
38:53 Bodkin Arrow
41:07 Murder Holes
41:36 Squires
41:21 Arson
42:25 Bracer
44:11 Elite Varangian Guard
44:39 Gambesons
45:42 Coinage
46:03 Scale Mail Armor
45:43 Gothikon
47:00 Chain Mail Armor
48:52 Plate Mail Armor
Karma12345i
8:28 Loom
12:46 Feudal Age
16:41 Castle Age
14:28 Double-Bit Axe
14:33 Fishing Lines
16:01 Horse Collar
18:51 Bow Saw
20:15 Fervor
21:28 Heavy Plow
23:40 Wheelbarrow
23:17 Gillnets
26:13 Scale Mail Armor
26:23 Forging
29:09 Imperial Age
26:40 Pikeman
27:21 Squires
27:08 Arson
28:11 Caravan
29:22 Chemistry
28:59 Hand Cart
28:30 Town Watch
29:46 Wagenburg Tactics
30:04 Chain Mail Armor
29:38 Halberdier
30:58 Siege Engineers
32:36 Plate Mail Armor
32:41 Iron Casting
33:55 Houfnice
34:06 Houfnice
36:00 Conscription
37:10 Blast Furnace
37:52 Coinage
40:34 Banking
41:51 Masonry
44:32 Town Patrol
44:53 Fletching
47:42 Architecture
47:08 Murder Holes
Billy Bathgate
4:38 Loom
10:47 Feudal Age
14:19 Castle Age
12:31 Double-Bit Axe
15:30 Bow Saw
17:13 Horse Collar
24:07 Forging
23:57 Scale Mail Armor
26:59 Iron Casting
26:39 Chain Mail Armor
28:51 Arson
29:07 Squires
35:29 Wheelbarrow
34:39 Town Watch
40:17 Imperial Age
40:55 Elite Gbeto
42:26 Conscription
45:13 Heavy Plow
45:51 Plate Mail Armor
47:16 Scale Barding Armor
48:50 Farimba
49:40 Light Cavalry
50:21 Husbandry
49:42 Cavalier
50:33 Bloodlines
mbxmm
2:50 Loom
10:23 Feudal Age
11:13 Double-Bit Axe
26:28 Fletching
30:50 Castle Age
32:27 Bow Saw
35:09 Caravan
39:56 Wheelbarrow
43:09 Imperial Age
42:12 Hand Cart
42:00 Scale Mail Armor
42:11 Forging
42:29 Horse Collar
42:35 Treadmill Crane
42:46 Guard Tower
42:19 Pikeman
43:00 Squires
42:50 Fishing Lines
43:31 Halberdier
44:36 Chain Mail Armor
44:58 Iron Casting
44:54 Conscription
45:36 Two-Man Saw
44:16 Man-at-Arms
44:42 Gambesons
46:13 Plate Mail Armor
45:59 Bodkin Arrow
47:32 Blast Furnace
47:01 Ballistics
47:42 Chemistry
46:55 Long Swordsman
47:21 Arson
48:51 Stone Mining
48:52 Gold Mining
49:18 Yasama
50:05 Gillnets
50:21 Arrowslits
51:00 Kataparuto
50:37 Bodkin Arrow
51:22 Bracer
52:43 Keep
~BroKen~
3:48 Loom
8:58 Feudal Age
10:48 Fletching
14:40 Double-Bit Axe
26:36 Castle Age
26:50 Wheelbarrow
25:57 Horse Collar
26:23 Gold Mining
27:49 Bow Saw
28:12 Heavy Plow
31:55 Fortified Wall
34:24 Hand Cart
38:44 Imperial Age
37:19 Scale Mail Armor
37:29 Forging
38:30 Chain Mail Armor
38:23 Pikeman
39:04 Squires
38:49 Gambesons
38:50 Arson
40:00 Iron Casting
40:33 Chemistry
39:04 Onager
39:11 Halberdier
40:22 Plate Mail Armor
41:13 Siege Engineers
44:15 Blast Furnace
42:45 Siege Onager
46:10 Man-at-Arms
48:00 Long Swordsman
48:45 Guard Tower
48:58 Two-Handed Swordsman
50:09 Bombard Tower
51:15 Caravan
Bandolero
10:52 Feudal Age
15:35 Castle Age
13:38 Double-Bit Axe
14:24 Fishing Lines
16:40 Bow Saw
22:56 Gillnets
23:17 Loom
24:28 Horse Collar
25:40 Wheelbarrow
25:44 Gold Mining
25:45 Stone Mining
26:28 Town Watch
31:04 Imperial Age
30:05 Hand Cart
30:38 Corvinian Army
30:55 Scale Barding Armor
31:29 Bloodlines
31:19 Husbandry
32:10 Gold Shaft Mining
31:12 Cavalier
32:15 Chain Barding Armor
32:18 Conscription
33:44 Plate Barding Armor
32:30 Paladin
34:19 Chemistry
34:20 Fletching
34:47 Caravan
34:47 Elite Skirmisher
35:33 Thumb Ring
35:30 Bodkin Arrow
35:35 Padded Archer Armor
36:04 Heavy Cavalry Archer
37:10 Parthian Tactics
37:47 Leather Archer Armor
37:32 Bracer
37:25 Light Cavalry
39:18 Hussar
41:46 Recurve Bow
42:23 Ring Archer Armor
51:25 Ballistics
[TBArg] kaos_leo
9:19 Feudal Age
9:25 Loom
10:16 Double-Bit Axe
17:00 Scale Barding Armor
19:05 Forging
20:01 Wheelbarrow
20:16 Horse Collar
22:38 Castle Age
22:45 Light Cavalry
23:38 Bloodlines
24:22 Chain Barding Armor
24:52 Heavy Plow
25:05 Bow Saw
27:46 Gold Mining
30:07 Hand Cart
30:14 Hand Cart
33:07 Imperial Age
31:52 Gold Shaft Mining
31:57 Iron Casting
31:43 Husbandry
33:34 Elite Battle Elephant
34:50 Plate Barding Armor
35:16 Blast Furnace
34:30 Stone Mining
37:07 Crop Rotation
36:36 Hussar
38:53 Tusk Swords
39:13 Conscription
44:12 Caravan
49:08 Fletching
51:18 Bodkin Arrow
52:10 Bracer
Gauchito
0:39 Loom
11:23 Feudal Age
15:30 Castle Age
13:49 Double-Bit Axe
17:01 Wheelbarrow
29:24 Fletching
30:57 Bodkin Arrow
40:39 Chemistry
40:59 Hand Cart
41:04 Elite Skirmisher
42:24 Bow Saw
42:22 Padded Archer Armor
47:07 Imperial Age
50:02 Squires
50:04 Scale Mail Armor
50:14 Forging
50:42 Town Watch
Connection lost

Rejoining the realm…

Still unreachable

The connection could not be restored.

Session expired

The server has moved on; the page needs a fresh start.